 Dungeon Crawl Stone Soup version 0.30-a0-576-g89cddaab80 (webtiles) character file.

Game seed: 17175006694241074131

1845 themarg the Insei (level 9, -8/67 HPs)
             Began as a Gnoll Transmuter on Dec 31, 2022.
             Mangled by a shadow (24 damage)
             ... on level 6 of the Dungeon.
             The game lasted 00:13:30 (5796 turns).

themarg the Insei (Gnoll Transmuter)                Turns: 5796, Time: 00:13:31

Health: -8/67      AC:  2    Str:  9    XL:     9   Next: 12%
Magic:  17/18      EV: 26    Int: 17    God:
Gold:   349        SH:  0    Dex: 24    Spells: 15/21 levels left

rFire   . . .      SeeInvis .      - Unarmed
rCold   . . .      Faith    .    (shield currently unavailable)
rNeg    . . .      Spirit   .    (body armour currently unavailable)
rPois   x          Reflect  .    (helmet currently unavailable)
rElec   .          Harm     .    (cloak currently unavailable)
rCorr   .          Rampage  .    (gloves currently unavailable)
Will    .....                    (boots currently unavailable)
Stlth   +++                      (no amulet)
HPRegen 0.31/turn                B - +6 ring of dexterity
MPRegen 0.16/turn                (no ring)

@: spider-form
A: venomous fangs, tiny, (fangs 1), strong nose, distributed training
a: End Transformation


You were on level 6 of the Dungeon.
You were a venomous arachnid creature.
You visited 1 branch of the dungeon, and saw 6 of its levels.

You collected 349 gold pieces.

Inventory:

Hand Weapons
 e - a +0 short sword (melded)
 q - a +1 heavy flail
 r - a +1 spear of venom
Missiles
 c - 10 stones
 g - 2 throwing nets
 p - 3 datura-tipped darts (quivered)
Armour
 a - a +0 robe (melded)
 y - a +0 helmet
 A - a +0 cloak (melded)
Magical Staves
 n - a staff of air
Jewellery
 B - a +6 ring of dexterity (left front leg)
Scrolls
 d - a scroll of enchant weapon {unknown}
 i - 3 scrolls of teleportation
 j - 2 scrolls of vulnerability {unknown}
 s - a scroll of brand weapon {unknown}
 w - 2 scrolls of immolation {unknown}
 x - 2 scrolls of noise {unknown}
 C - a scroll of poison {unknown}
 D - 2 scrolls of magic mapping {unknown}
 E - a scroll of blinking {unknown}
 F - 2 scrolls of identify
Potions
 b - 3 potions of lignification
 f - a potion of ambrosia {unknown}
 h - 2 potions of invisibility {unknown}
 k - a potion of resistance {unknown}
 l - 5 potions of curing
 m - a potion of flight {unknown}
 o - 4 potions of cancellation
 t - a potion of heal wounds {unknown}
 u - 2 potions of attraction {unknown}
 v - 3 potions of brilliance {unknown}
 z - a potion of magic {unknown}


   Skills:
 + Level 4.9 Fighting
 + Level 4.1 Short Blades
 + Level 4.1 Long Blades
 + Level 4.1 Axes
 + Level 4.1 Maces & Flails
 + Level 4.1 Polearms
 + Level 4.1 Staves
 + Level 4.1 Ranged Weapons
 + Level 4.1 Throwing
 + Level 4.1 Armour
 + Level 6.2 Dodging
 + Level 4.1 Stealth
 + Level 4.1 Shields
 + Level 7.8 Unarmed Combat
 + Level 6.5 Spellcasting
 + Level 3.3 Conjurations
 + Level 3.3 Hexes
 + Level 3.3 Summonings
 + Level 3.3 Necromancy
 + Level 3.3 Translocations
 + Level 5.1 Transmutations
 + Level 3.3 Fire Magic
 + Level 3.3 Ice Magic
 + Level 3.3 Air Magic
 + Level 3.3 Earth Magic
 + Level 3.3 Poison Magic
 + Level 4.5 Invocations
 + Level 4.1 Evocations


You had 15 spell levels left.
You knew the following spells:

 Your Spells              Type           Power      Damage    Failure   Level
a - Beastly Appendage     Tmut           46%        N/A       7%          1
b - Wereblood             Tmut           23%        N/A       9%          2
c - Spider Form           Tmut/Pois      20%        N/A       17%         3

Your spell library contained the following spells:

 Spells                   Type           Power      Damage    Failure   Level
 Sandblast                Erth           34%        2d9       11%         1
 Slow                     Hex            68%        N/A       11%         1
 Passwall                 Tmut/Erth      16%        N/A       11%         2
 Blink                    Tloc           34%        N/A       14%         2
 Ensorcelled Hibernation  Hex/Ice        34%        N/A       14%         2
 Momentum Strike          Conj/Tloc      34%        3d8       14%         2
 Confusing Touch          Hex            17%        N/A       22%         3
 Lesser Beckoning         Tloc           34%        N/A       22%         3
 Stone Arrow              Conj/Erth      34%        3d9       22%         3
 Swiftness                Air            17%        N/A       22%         3
 Vampiric Draining        Necr           17%        2d7       22%         3
 Ice Form                 Ice/Tmut       20%        N/A       43%         4


Dungeon Overview and Level Annotations

Branches:
Dungeon (6/15)
 Temple: D:4-7

Altars:
Dithmenos
Elyvilon
Fedhas
Okawaru
Wu Jian
Xom
Yredelemnul
Zin
The Shining One

Shops:
D:1 (


Innate Abilities, Weirdness & Mutations

You are a venomous arachnid creature.
You have poisonous fangs.
You are tiny and dextrous.
Your spellcasting is less reliable in this form.
Your armour is entirely melded.
You are incapable of wielding weapons or throwing items.
((You have very sharp teeth.))
Your uncanny sense of smell can sniff out nearby items.
Your experience applies equally to all skills.


Message History

You turn into a venomous arachnid creature.
Your +0 short sword melds into your body.
Your +0 cloak melds into your body.
Your +0 robe melds into your body.
Found a stone staircase leading down.
A shadow comes into view.
The helpless shadow fails to defend itself.
You bite the shadow!
The shadow is moderately damaged.
The shadow slips into darkness.
The shadow flickers and vanishes!
Deactivating autopickup; reactivate with Ctrl-A.
You bite something!
The shadow strikes at you from the darkness!
Reactivating autopickup.
The adder hisses angrily.
You hit the shadow but do no damage.
The shadow is heavily damaged.
The shadow hits you! The adder attacks as you move away!
The adder barely misses you.
You bite the adder!
You kill the adder!
The shadow hits you!
* * * LOW HITPOINT WARNING * * *
You hit the shadow but do no damage.
The shadow is heavily damaged.
The shadow slips into darkness.
The shadow flickers and vanishes!
Deactivating autopickup; reactivate with Ctrl-A.
You bite something!
The shadow strikes at you from the darkness!
* * * LOW HITPOINT WARNING * * *
Reactivating autopickup.
You completely miss the shadow.
The shadow is almost destroyed.
The shadow slips into darkness.
The shadow flickers and vanishes!
Deactivating autopickup; reactivate with Ctrl-A.
You completely miss something.
The shadow strikes at you from the darkness!
You die...

.#.. #.#.#
#######...
#........#
#..>.....+
#........#
#........#
#######......{.#
#.....#######s##
#.###.# #.# #.#
#.# #.# ∆ #.# #.#
#.#
####.###.#######.#
.....#.........#.#
######.#....<....#
# #.#######.#[# #
#.# #.###########


There were no monsters in sight!

Vanquished Creatures
  Sigmund (D:3)
  A water moccasin (D:6)
  A sky beast (D:5)
  An ogre (D:5)
  2 centaurs
  3 phantoms
  A scorpion (D:5)
  2 necrophages
  A howler monkey (D:5)
  The ghost of FakeRyeBread the Digger, a weakling GrEE (D:3)
  3 quasits (D:3)
  3 jellies
  Crazy Yiuf (D:3)
  5 hounds
  A gnoll bouda (D:5)
  3 iguanas
  2 orc wizards (D:4)
  Robin (D:4)
  8 adders
  6 gnolls
  2 shadow imps
  2 ufetubi
  A worm (D:2)
  A dart slug (D:1)
  7 orcs
  5 ball pythons
  9 endoplasms
  3 giant cockroaches
  13 goblins
  9 hobgoblins
  3 quokkas
  5 bats
  2 frilled lizards
  5 kobolds
  3 rats
117 creatures vanquished.

Vanquished Creatures (others)
  3 fungi (D:2)
  4 plants (D:2)
7 creatures vanquished.

Grand Total: 124 creatures vanquished

Notes
Turn   | Place    | Note
-------+----------+-------------------------------------------
     0 | D:1      | themarg the Gnoll Transmuter began the quest for the Orb.
     0 | D:1      | Reached XP level 1. HP: 17/17 MP: 6/6
   352 | D:1      | Reached XP level 2. HP: 21/23 MP: 5/7
   355 | D:1      | Learned a level 2 spell: Wereblood
   674 | D:1      | Found Zytoipre's Antique Weapon Emporium.
  1040 | D:2      | Found a shadowy altar of Dithmenos.
  1060 | D:2      | Reached skill level 5 in Spellcasting
  1060 | D:2      | Reached XP level 3. HP: 28/28 MP: 6/9
  1086 | D:2      | Learned a level 3 spell: Spider Form
  1188 | D:2      | Reached skill level 1 in Invocations
  1289 | D:2      | Reached skill level 1 in Short Blades
  1289 | D:2      | Reached skill level 1 in Long Blades
  1289 | D:2      | Reached skill level 1 in Axes
  1289 | D:2      | Reached skill level 1 in Maces & Flails
  1289 | D:2      | Reached skill level 1 in Polearms
  1289 | D:2      | Reached skill level 1 in Staves
  1289 | D:2      | Reached skill level 1 in Ranged Weapons
  1289 | D:2      | Reached skill level 1 in Throwing
  1289 | D:2      | Reached skill level 1 in Armour
  1289 | D:2      | Reached skill level 1 in Stealth
  1289 | D:2      | Reached skill level 1 in Shields
  1289 | D:2      | Reached skill level 1 in Evocations
  1353 | D:2      | Reached XP level 4. HP: 22/34 MP: 4/11
  1367 | D:2      | Reached skill level 1 in Conjurations
  1367 | D:2      | Reached skill level 1 in Hexes
  1367 | D:2      | Reached skill level 1 in Summonings
  1367 | D:2      | Reached skill level 1 in Necromancy
  1367 | D:2      | Reached skill level 1 in Translocations
  1367 | D:2      | Reached skill level 1 in Fire Magic
  1367 | D:2      | Reached skill level 1 in Ice Magic
  1367 | D:2      | Reached skill level 1 in Air Magic
  1367 | D:2      | Reached skill level 1 in Earth Magic
  1367 | D:2      | Reached skill level 1 in Poison Magic
  1493 | D:2      | Found a faded altar of an unknown god.
  1939 | D:3      | Noticed Sigmund
  1948 | D:3      | Killed Sigmund
  1949 | D:3      | Reached XP level 5. HP: 27/41 MP: 9/12
  1949 | D:3      | Reached XP level 6. HP: 31/47 MP: 10/14
  2038 | D:3      | Found a transporter.
  2043 | D:3      | Noticed FakeRyeBread's ghost (weakling GrEE)
  2111 | D:3      | Reached skill level 5 in Dodging
  2142 | D:3      | Found a white marble altar of Elyvilon.
  2274 | D:3      | Found an iron altar of Okawaru.
  2347 | D:3      | Found a basalt altar of Yredelemnul.
  2669 | D:3      | Found a transporter.
  2714 | D:3      | Found a runed translucent door.
  2715 | D:3      | Identified the +8 hammer "Killer Klown's Regret"
                  | {antimagic, Fragile rF+ rN++ rCorr}
  2715 | D:3      | Noticed Crazy Yiuf
  2723 | D:3      | Killed Crazy Yiuf
  2893 | D:3      | Killed FakeRyeBread's ghost
  2903 | D:3      | Reached skill level 7 in Unarmed Combat
  2903 | D:3      | Reached XP level 7. HP: 46/52 MP: 12/15
  3740 | D:4      | Noticed Robin
  3762 | D:4      | Killed Robin
  3903 | D:5      | Entered Level 5 of the Dungeon
  3939 | D:5      | Reached XP level 8. HP: 60/60 MP: 13/16
  4395 | D:5      | Found an ornate altar of the Wu Jian Council.
  4436 | D:5      | Found a glowing golden altar of the Shining One.
  4439 | D:5      | Found a glowing silver altar of Zin.
  4498 | D:5      | Found a shimmering altar of Xom.
  5043 | D:6      | Found a blossoming altar of Fedhas.
  5070 | D:6      | Reached skill level 5 in Transmutations
  5362 | D:6      | Reached XP level 9. HP: 54/66 MP: 11/18
  5796 | D:6      | Mangled by a shadow

Illustrated notes

Levels and vault maps discovered:
D:1:      minmay_arrival_jagged, layout_loops_ring, serial_shops,
          shop_fountains, minmay_stone_trees_small, solitary_fountain,
          st_stairs_8
D:2:      layout_basic, dreamdust_ecumenical_altar_hidden_monk_grotto,
          basic_altar
D:3:      layout_basic, elyvilon_altar_3, old_standard_altar,
          kennysheep_okawaru_gauntlet, gammafunk_ghost_stat_death, uniq_sigmund,
          uniq_crazy_yiuf_cottage
D:4:      layout_basic, uniq_robin
D:5:      layout_rooms, mainiacjoe_overflow_alcove_1,
          nicolae_overflow_hidden_temple, serial_curves, eino_curves_03,
          eino_curves_01, eino_curves_04, eino_curves_03, kennysheep_path_1,
          hangedman_abyss_or_decor_passed, chequers_arboretum
D:6:      layout_basic, kennysheep_mini_moat

Skill      XL: |  1  2  3  4  5  6  7  8  9 |
---------------+----------------------------+-----
Spellcasting   | 5 6 |  6.5
Invocations    | 1 2 3 4 |  4.5
Short Blades   | 1 2 3 4 |  4.1
Long Blades    | 1 2 3 4 |  4.1
Axes           | 1 2 3 4 |  4.1
Maces & Flails | 1 2 3 4 |  4.1
Polearms       | 1 2 3 4 |  4.1
Staves         | 1 2 3 4 |  4.1
Ranged Weapons | 1 2 3 4 |  4.1
Throwing       | 1 2 3 4 |  4.1
Armour         | 1 2 3 4 |  4.1
Stealth        | 1 2 3 4 |  4.1
Shields        | 1 2 3 4 |  4.1
Evocations     | 1 2 3 4 |  4.1
Conjurations   | 1 2 3 |  3.3
Hexes          | 1 2 3 |  3.3
Summonings     | 1 2 3 |  3.3
Necromancy     | 1 2 3 |  3.3
Translocations | 1 2 3 |  3.3
Fire Magic     | 1 2 3 |  3.3
Ice Magic      | 1 2 3 |  3.3
Air Magic      | 1 2 3 |  3.3
Earth Magic    | 1 2 3 |  3.3
Poison Magic   | 1 2 3 |  3.3
Fighting       | 3 4 |  4.9
Transmutations | 4 5 |  5.1
Dodging        | 5 6 |  6.2
Unarmed Combat | 7 |  7.8

Action                   |  1- 3 |  4- 6 |  7- 9 || total
-------------------------+-------+-------+-------++-------
Melee: Short sword       |    37 |    16 |     1 ||    54
       Dagger            |     8 |       |       ||     8
       Kick              |    18 |     2 |       ||    20
       Headbutt          |     8 |     3 |       ||    11
       Unarmed           |    12 |    75 |   204 ||   291
       Punch             |     1 |     1 |       ||     2
       Bite              |     2 |     4 |       ||     6
Throw: Stone             |       |    14 |       ||    14
       Dart              |       |     6 |       ||     6
 Cast: Beastly Appendage |    20 |     5 |       ||    25
       Spider Form       |     3 |    11 |    36 ||    50
       Wereblood         |     1 |     2 |     2 ||     5
  Use: Scroll            |       |       |     3 ||     3
 Stab: Sleeping          |     1 |     1 |     6 ||     8
Armor: Robe              |     7 |     3 |       ||    10
       Skin              |       |     6 |    12 ||    18
Dodge: Dodged            |    36 |    95 |   181 ||   312

Table legend: (Time is in decaauts)
 A = Elapsed time spent in this place.
 B = Non-inter-level travel time spent in this place.
 C = Inter-level travel time spent in this place.
 D = Time resting spent in this place.
 E = Time spent auto-exploring this place.
 F = Levels seen in this place.
 G = Mean time per level.
                   A        B        C        D        E       F      G
               +--------+--------+--------+--------+--------+-----+--------+
         Total |   5755 |   5591 |    164 |    367 |   4194 |   6 |  959.2 |
       Dungeon |   5755 |   5591 |    164 |    367 |   4194 |   6 |  959.2 |
               +--------+--------+--------+--------+--------+-----+--------+

Top non-repeatable levels by time:
     D:2: 1081 daAuts
     D:3: 1059 daAuts
     D:6: 948 daAuts
     D:5: 928 daAuts
     D:4: 904 daAuts
     D:1: 834 daAuts
